 Dungeon Crawl Stone Soup version 0.24.0-13-gcf9b319 (webtiles) character file.

Game seed: 14695162277215331066, levelgen mode: deterministic

473 Bronimir the Chiller (level 6, -7/44 HPs)
             Began as a Demonspawn Ice Elementalist on Apr 6, 2020.
             Mangled by Pikel
             ... wielding a +0 whip of electrocution
              (15 damage)
             ... on level 5 of the Dungeon.
             The game lasted 00:09:00 (4854 turns).

Bronimir the Chiller (Demonspawn Ice Elementalist)  Turns: 4854, Time: 00:09:01

Health: -7/44      AC:  3    Str: 10    XL:     6   Next: 84%
Magic:  10/12      EV: 13    Int: 17    God:
Gold:   127        SH:  0    Dex: 13    Spells: 7/13 levels left

rFire    . . .     SeeInvis .   a - +0 war axe
rCold    . . .     Gourm    .   (no shield)
rNeg     . . .     Faith    .   b - +0 leather armour
rPois    .         Spirit   .   (helmet restricted)
rElec    .         Reflect  .   (no cloak)
rCorr    .         Harm     .   (no gloves)
MR       .....                  (no boots)
Stlth    ++........             l - amulet of regeneration
HPRegen  0.54/turn              (no ring)
MPRegen  0.13/turn              (no ring)

@: no status effects
A: antennae 1, sturdy frame 2
a: no special abilities


You were on level 5 of the Dungeon.
You were not hungry.

You visited 1 branch of the dungeon, and saw 5 of its levels.

You collected 127 gold pieces.

Inventory:

Hand Weapons
 a - a +0 war axe (weapon)
 e - a +0 dagger
Missiles
 d - 141 stones (quivered)
 g - 61 arrows
 x - 48 sling bullets
Armour
 b - a +0 leather armour (worn)
 w - a +0 robe
Jewellery
 l - an amulet of regeneration (around neck)
Scrolls
 f - a scroll of remove curse {unknown}
 j - 3 scrolls of amnesia {unknown}
 n - a scroll of random uselessness {unknown}
 o - a scroll of fog {unknown}
 q - 3 scrolls of identify {unknown}
 r - a scroll of fear {unknown}
 s - a scroll of teleportation {unknown}
 y - a scroll of immolation {unknown}
Potions
 h - a potion of ambrosia {unknown}
 i - 2 potions of lignification {unknown}
 k - 2 potions of haste {unknown}
 m - 2 potions of curing {unknown}
 p - 3 potions of flight {unknown}
 t - a potion of brilliance {unknown}
 v - a potion of magic {unknown}
 z - a potion of agility {unknown}
Comestibles
 c - 4 rations
 u - a chunk of flesh


   Skills:
 + Level 1.9 Fighting
 + Level 0.3 Short Blades
 * Level 1.4 Axes
 * Level 2.1 Armour
 * Level 2.4 Dodging
 - Level 1.7 Stealth
 * Level 4.0 Spellcasting
 + Level 1.0 Conjurations
 * Level 4.4 Ice Magic


You had 7 spell levels left.
You knew the following spells:

 Your Spells              Type           Power        Failure   Level  Hunger
a - Freeze                Ice            ###.         2%          1    None
b - Throw Frost           Conj/Ice       ##....       8%          2    ##.....
c - Ozocubu's Armour      Chrm/Ice       ##......     19%         3    ###....

Your spell library contained the following spells:

 Spells                   Type           Power        Failure   Level  Hunger
 Throw Icicle             Conj/Ice       ##......     45%         4    ####...
 Summon Ice Beast         Ice/Summ       ##......     54%         4    ####...


Dungeon Overview and Level Annotations

Branches:
Dungeon (5/15)
 Temple: D:4-7

Altars:

Annotations:
D:5 Pikel


Innate Abilities, Weirdness & Mutations

You have a pair of small antennae on your head.
Your movements are less encumbered by armour. (ER -4)


Message History

You are too injured to fight recklessly!
Casting: Freeze (safe; 2% risk of failure)
Confirm with . or Enter, or press ? or * to list all spells.
Aiming: Freeze (safe; 2% risk of failure)
Press: ? - help, Shift-Dir - straight line, f - Pikel
Aim: Pikel, wielding a +0 whip of electrocution and wearing a +0 robe (lightly wounded)
You freeze Pikel!
Pikel is moderately wounded.
Pikel barely misses you.
Casting: Freeze (safe; 2% risk of failure)
Confirm with . or Enter, or press ? or * to list all spells.
Aiming: Freeze (safe; 2% risk of failure)
Press: ? - help, Shift-Dir - straight line, f/p - Pikel
Aim: Pikel, wielding a +0 whip of electrocution and wearing a +0 robe (moderately wounded)
You freeze Pikel.
Pikel is moderately wounded.
Pikel hits you with a +0 whip of electrocution.
* * * LOW HITPOINT WARNING * * *
You are electrocuted!
You die...

# #.
.#######
...... ....#
###.p.#
#..ppp# #K#
#@#
#.#######
#.......#
#######.#
##########.#
#.<........#
##########.#
###


You could see Pikel and 4 slaves.

Vanquished Creatures
  An ogre (D:4)
  A scorpion (D:4)
  A howler monkey (D:4)
  An orc priest (D:4)
  An iguana (D:3)
  Natasha (twice) (D:4)
  A howler monkey skeleton (D:4)
  6 adders
  2 oozes
  A worm (D:2)
  4 dart slugs
  3 leopard geckos
  8 orcs
  3 ball pythons
  14 bats
  6 giant cockroaches
  8 goblins
  6 hobgoblins
  10 jackals
  10 kobolds
  2 quokkas (D:3)
  6 frilled lizards
  A jackal skeleton (D:4)
  A leopard gecko skeleton (D:4)
  6 rats
105 creatures vanquished.

Notes
Turn   | Place    | Note
-------+----------+-------------------------------------------
     0 | D:1      | Bronimir the Demonspawn Ice Elementalist began the quest
                  | for the Orb.
     0 | D:1      | Reached XP level 1. HP: 13/13 MP: 3/3
   234 | D:1      | Gained mutation: Your movements are slightly less
                  | encumbered by armour. (ER -2) [demonic ancestry]
   234 | D:1      | Reached XP level 2. HP: 16/19 MP: 0/5
  1201 | D:1      | Reached XP level 3. HP: 20/25 MP: 0/6
  2002 | D:2      | Reached skill level 1 in Fighting
  2064 | D:2      | Gained mutation: Your movements are less encumbered by
                  | armour. (ER -4) [demonic ancestry]
  2064 | D:2      | Reached XP level 4. HP: 26/32 MP: 1/8
  2578 | D:2      | Learned a level 2 spell: Throw Frost
  2582 | D:2      | Learned a level 3 spell: Ozocubu's Armour
  2647 | D:3      | Found a faded altar of an unknown god.
  2781 | D:3      | Reached skill level 1 in Armour
  3013 | D:3      | Gained mutation: You have a pair of small antennae on your
                  | head. [demonic ancestry]
  3013 | D:3      | Reached XP level 5. HP: 35/38 MP: 5/9
  3748 | D:4      | Noticed an ogre
  3760 | D:4      | Killed an ogre
  3760 | D:4      | Reached XP level 6. HP: 6/44 MP: 2/11
  3931 | D:4      | Reached skill level 1 in Axes
  3953 | D:4      | Noticed Natasha
  4036 | D:4      | Killed Natasha
  4672 | D:4      | Noticed Natasha
  4678 | D:4      | Killed Natasha
  4830 | D:5      | Entered Level 5 of the Dungeon
  4844 | D:5      | Noticed a slave
  4844 | D:5      | Noticed a slave
  4845 | D:5      | Noticed Pikel
  4845 | D:5      | Noticed a slave
  4845 | D:5      | Noticed a slave
  4854 | D:5      | Mangled by Pikel

Levels and vault maps discovered:
D:1:      scummos_arrival_forest, layout_basic, minmay_misc_feat_tower
D:2:      kennysheep_six_static_rooms, layout_basic, first_ration,
          skrybe_limestone_x, minmay_goblin_kobold_house
D:3:      layout_rooms, chequers_ecumenical_altar_simple_redux
D:4:      layout_layer_cave, uniq_natasha
D:5:      minmay_bubble_buster, layout_basic, minmay_temple_entry_butterflies,
          biasface_ghost_orc_armoury, hangedman_abyss_or_decor_stabs,
          uniq_duvessa, uniq_pikel

Skill      XL: |  1  2  3  4  5  6 |
---------------+-------------------+-----
Ice Magic      | 3 4 |  4.4
Dodging        | 2 |  2.4
Fighting       | 1 |  1.9
Armour         | 1 2 |  2.1
Spellcasting   | 3 4 |  4.0
Axes           | 1 |  1.4
Short Blades   | |  0.3
Stealth        | |  1.7
Conjurations   | |  1.0

Action                   |  1- 3 |  4- 6 || total
-------------------------+-------+-------++-------
Melee: Unarmed           |     7 |       ||     7
       Dagger            |    82 |    45 ||   127
       War axe           |       |    79 ||    79
 Cast: Freeze            |    54 |   101 ||   155
       Ozocubu's Armour  |       |     1 ||     1
       Throw Frost       |       |     1 ||     1
 Stab: Sleeping          |     1 |       ||     1
  Eat: Chunk             |     4 |     9 ||    13
Armor: Leather armour    |    41 |    54 ||    95
       Robe              |     1 |       ||     1
Dodge: Dodged            |   109 |   194 ||   303
